SNL (28 & UNDER)
WEST VIRGINIA POWER @ KEY WEST BARRACUDAS
05/05/2024
 
TOP OF THE 1ST
West Virginia Power batting - Pitching for Key West Barracudas : RHP Cade Baird
Pitching: RHP Cade Baird
Batting: RHB Luis Encarnación 0-0: Ball
1-0: SINGLE (Groundball, 56D)
Batting: SHB José Valdéz 0-0: Ball
1-0: Fly out, F8 (Flyball, 8LS)
Batting: LHB Fernando Ortíz 0-0: Called Strike
0-1: Ball
1-1: Ball
2-1: Foul Ball, location: 2F
2-2: DOUBLE (Line Drive, 89D)
Luis Encarnación to third
Luis Encarnación scores
Batting: LHB Pablo Reyes 0-0: Called Strike
0-1: Foul Ball, location: 2F
0-2: Foul Ball, location: 2F
0-2: Fly out, F8 (Flyball, 8LS)
Batting: SHB Edward Bartlett 0-0: Called Strike
0-1: Foul Ball, location: 2F
0-2: Ball
1-2: Foul Ball, location: 2F
1-2: Strikes out swinging
Top of the 1st over - 1 run(s), 2 hit(s), 0 error(s), 1 left on base; West Virginia 1 - Key West 0
BOTTOM OF THE 1ST
Key West Barracudas batting - Pitching for West Virginia Power : RHP Raúl Ruíz
Pitching: RHP Raúl Ruíz
Batting: SHB Rodney Birling 0-0: Called Strike
0-1: Foul Ball, location: 2F
0-2: Strikes out looking
Batting: RHB Carlos Bravo 0-0: Ball
1-0: Ball
2-0: Called Strike
2-1: Foul Ball, location: 2F
2-2: Foul Ball, location: 2F
2-2: Ball
3-2: Foul Ball, location: 2F
3-2: Strikes out looking
Batting: RHB Júlio Cruz 0-0: Ball
1-0: Foul Ball, location: 2F
1-1: Foul Ball, location: 2F
1-2: Strikes out looking
Bottom of the 1st over - 0 run(s), 0 hit(s), 0 error(s), 0 left on base; West Virginia 1 - Key West 0
TOP OF THE 2ND
West Virginia Power batting - Pitching for Key West Barracudas : RHP Cade Baird
Batting: LHB Jesús Ángel 0-0: Foul Ball, location: 2F
0-1: Ball
1-1: Called Strike
1-2: Strikes out swinging
Batting: RHB Dave McGrath 0-0: Ball
1-0: Ball
2-0: Ball
3-0: Base on Balls
Batting: RHB Gonzalo Gil 0-0: Called Strike
Dave McGrath is caught stealing 2nd base
0-1: Called Strike
0-2: Ball
1-2: Ball
2-2: Foul Ball, location: 2F
2-2: Foul Ball, location: 2F
2-2: Ground out 6-3 (Groundball, 6)
Top of the 2nd over - 0 run(s), 0 hit(s), 0 error(s), 0 left on base; West Virginia 1 - Key West 0
BOTTOM OF THE 2ND
Key West Barracudas batting - Pitching for West Virginia Power : RHP Raúl Ruíz
Batting: RHB Ramiro Gámez 0-0: SINGLE (Line Drive, 56)
Batting: RHB Luther Stoffels 0-0: Ball
1-0: SINGLE (Line Drive, 6MD)
Ramiro Gámez to second
Batting: LHB Jake Wells 0-0: Ball
1-0: Foul Ball, location: 2F
1-1: Fly out, F5 (Popup, 56S)
Batting: RHB Kenny Cole 0-0: Ball
1-0: Fly out, F4 (Line Drive, 4)
Batting: RHB Victor Baker 0-0: Ball
1-0: Ball
2-0: Swinging Strike
2-1: Foul Ball, location: 2F
2-2: Ball
3-2: Strikes out swinging
Bottom of the 2nd over - 0 run(s), 2 hit(s), 0 error(s), 2 left on base; West Virginia 1 - Key West 0
TOP OF THE 3RD
West Virginia Power batting - Pitching for Key West Barracudas : RHP Cade Baird
Batting: RHB Brett Bell 0-0: Called Strike
0-1: Ball
1-1: Swinging Strike
1-2: Strikes out looking
Batting: RHB Luis Encarnación 0-0: Ball
1-0: Ground out 5-3 (Groundball, 56)
Batting: SHB José Valdéz 0-0: Ball
1-0: Ball
2-0: Called Strike
2-1: Ball
3-1: Base on Balls
Batting: LHB Fernando Ortíz 0-0: Ball
1-0: Foul Ball, location: 2F
1-1: Foul Ball, location: 2F
1-2: Ball
2-2: Ball
3-2: Ground out 4-3 (Groundball, 4M)
Top of the 3rd over - 0 run(s), 0 hit(s), 0 error(s), 1 left on base; West Virginia 1 - Key West 0
BOTTOM OF THE 3RD
Key West Barracudas batting - Pitching for West Virginia Power : RHP Raúl Ruíz
Batting: RHB Dan Craft 0-0: Swinging Strike
0-1: Ball
1-1: Ball
2-1: Called Strike
2-2: Strikes out swinging
Batting: SHB Rodney Birling 0-0: Ball
1-0: Foul Ball, location: 2F
1-1: SINGLE (Line Drive, 34)
Batting: RHB Carlos Bravo 0-0: Called Strike
Rodney Birling steals 2nd base
0-1: Fly out, F5 (Line Drive, 5)
Batting: RHB Júlio Cruz 0-0: Ball
1-0: Ground out 5-3 (Groundball, 56)
Bottom of the 3rd over - 0 run(s), 1 hit(s), 0 error(s), 1 left on base; West Virginia 1 - Key West 0
TOP OF THE 4TH
West Virginia Power batting - Pitching for Key West Barracudas : RHP Cade Baird
Batting: LHB Pablo Reyes 0-0: Called Strike
0-1: Ball
1-1: Called Strike
1-2: Strikes out looking
Batting: SHB Edward Bartlett 0-0: Ball
1-0: Ball
2-0: Ball
3-0: Base on Balls
Batting: LHB Jesús Ángel 0-0: Fly out, F8 (Flyball, 8LD)
Batting: RHB Dave McGrath 0-0: Foul Ball, location: 2F
0-1: Foul Ball, location: 2F
0-2: Ball
1-2: Foul Ball, location: 2F
1-2: Ball
2-2: Ball
3-2: Base on Balls
Edward Bartlett to second
Batting: RHB Gonzalo Gil 0-0: Called Strike
0-1: Called Strike
0-2: Ball
1-2: Strikes out looking
Top of the 4th over - 0 run(s), 0 hit(s), 0 error(s), 2 left on base; West Virginia 1 - Key West 0
BOTTOM OF THE 4TH
Key West Barracudas batting - Pitching for West Virginia Power : RHP Raúl Ruíz
Batting: RHB Ramiro Gámez 0-0: Ball
1-0: Ball
2-0: Foul Ball, location: 2F
2-1: Foul Ball, location: 2F
2-2: Ball
3-2: Strikes out swinging
Batting: RHB Luther Stoffels 0-0: Ball
1-0: Called Strike
1-1: Ball
2-1: Ball
3-1: Base on Balls
Batting: LHB Jake Wells 0-0: Foul Ball, location: 2F
0-1: Swinging Strike
0-2: Ball
1-2: Strikes out swinging
Batting: RHB Kenny Cole 0-0: Ground out 6-3 (Groundball, 6S)
Bottom of the 4th over - 0 run(s), 0 hit(s), 0 error(s), 1 left on base; West Virginia 1 - Key West 0
TOP OF THE 5TH
West Virginia Power batting - Pitching for Key West Barracudas : RHP Cade Baird
Batting: RHB Brett Bell 0-0: Ball
1-0: Foul Ball, location: 2F
1-1: DOUBLE (Line Drive, 7LS)
Batting: RHB Luis Encarnación 0-0: Ball
1-0: Fly out, F3 (Popup, 3SF)
Batting: SHB José Valdéz 0-0: Foul Ball, location: 2F
0-1: Swinging Strike
0-2: Ball
1-2: Ball
2-2: Ball
3-2: Base on Balls
Batting: LHB Fernando Ortíz 0-0: Ball
1-0: Called Strike
1-1: Foul Ball, location: 2F
1-2: DOUBLE (Flyball, 89XD)
Brett Bell scores
José Valdéz to third
Runner from 3rd tries for Home, SAFE, no throw or cutoff
Pitching: RHP José García
Batting: LHB Pablo Reyes 0-0: Ground out 5-3 (Groundball, 5)
Batting: SHB Edward Bartlett 0-0: Swinging Strike
0-1: Swinging Strike
0-2: Foul Ball, location: 2F
0-2: Ball
1-2: Ball
2-2: Ball
3-2: Foul Ball, location: 2F
3-2: Foul Ball, location: 2F
3-2: SINGLE (Groundball, 6M)
Fernando Ortíz to third
Fernando Ortíz scores
Batting: LHB Jesús Ángel 0-0: Ball
1-0: Ball
2-0: Called Strike
2-1: Swinging Strike
2-2: Ball
Edward Bartlett is caught stealing 2nd base
Top of the 5th over - 3 run(s), 3 hit(s), 0 error(s), 0 left on base; West Virginia 4 - Key West 0
BOTTOM OF THE 5TH
Key West Barracudas batting - Pitching for West Virginia Power : RHP Raúl Ruíz
Batting: RHB Victor Baker 0-0: Swinging Strike
0-1: Ball
1-1: Ground out 6-3 (Groundball, 6M)
Batting: RHB Dan Craft 0-0: Ball
1-0: Swinging Strike
1-1: Foul Ball, location: 2F
1-2: Foul Ball, location: 2F
1-2: Ball
2-2: Strikes out swinging
Batting: SHB Rodney Birling 0-0: Ground out 4-3 (Groundball, 34)
Bottom of the 5th over - 0 run(s), 0 hit(s), 0 error(s), 0 left on base; West Virginia 4 - Key West 0
TOP OF THE 6TH
West Virginia Power batting - Pitching for Key West Barracudas : RHP José García
Batting: LHB Jesús Ángel 0-0: Fly out, F8 (Flyball, 8LD)
Batting: RHB Dave McGrath 0-0: Ball
1-0: Ball
2-0: Swinging Strike
2-1: Foul Ball, location: 2F
2-2: Ground out 4-3 (Groundball, 4)
Batting: RHB Gonzalo Gil 0-0: Ball
1-0: Called Strike
1-1: Ball
2-1: Ball
3-1: Base on Balls
Pitching: RHP Carlos Molina
Batting: RHB Brett Bell 0-0: Called Strike
0-1: Ball
Gonzalo Gil is caught stealing 2nd base
Top of the 6th over - 0 run(s), 0 hit(s), 0 error(s), 0 left on base; West Virginia 4 - Key West 0
BOTTOM OF THE 6TH
Key West Barracudas batting - Pitching for West Virginia Power : RHP Raúl Ruíz
Batting: RHB Carlos Bravo 0-0: Called Strike
0-1: Hit by Pitch
Batting: RHB Júlio Cruz 0-0: Called Strike
0-1: Ball
1-1: Called Strike
1-2: Foul Ball, location: 2F
1-2: Ball
2-2: Strikes out looking
Batting: RHB Ramiro Gámez 0-0: Swinging Strike
0-1: Fly out, F7 (Line Drive, 7M)
Batting: RHB Luther Stoffels 0-0: Called Strike
0-1: Fly out, F4 (Popup, 34D)
Bottom of the 6th over - 0 run(s), 0 hit(s), 0 error(s), 1 left on base; West Virginia 4 - Key West 0
TOP OF THE 7TH
West Virginia Power batting - Pitching for Key West Barracudas : RHP Carlos Molina
Batting: RHB Brett Bell 0-0: Ball
1-0: Fly out, F9 (Flyball, 9M)
Batting: RHB Luis Encarnación 0-0: Called Strike
0-1: Foul Ball, location: 2F
0-2: Ball
1-2: Strikes out swinging
Batting: SHB José Valdéz 0-0: Ball
1-0: SINGLE (Line Drive, 34D)
Batting: LHB Fernando Ortíz 0-0: Ball
1-0: Ground out 4-3 (Groundball, 4)
Top of the 7th over - 0 run(s), 1 hit(s), 0 error(s), 1 left on base; West Virginia 4 - Key West 0
BOTTOM OF THE 7TH
Key West Barracudas batting - Pitching for West Virginia Power : RHP Raúl Ruíz
Batting: LHB Jake Wells 0-0: Ball
1-0: SOLO HOME RUN (Line Drive, 89XD), Distance : 408 ft
Batting: RHB Kenny Cole 0-0: Ball
1-0: SINGLE (Line Drive, 8LS)
Batting: RHB Victor Baker 0-0: Ball
1-0: Ball
2-0: SINGLE (Groundball, 6MD)
Kenny Cole to second
Pitching: RHP Cory Lowe
Batting: RHB Dan Craft 0-0: Called Strike
0-1: Ball
1-1: Ball
2-1: Called Strike
2-2: Ball
3-2: Foul Ball, location: 2F
3-2: Foul Ball, location: 2F
3-2: Foul Ball, location: 2F
3-2: Foul Ball, location: 2F
3-2: Foul Ball, location: 2F
3-2: Base on Balls
Kenny Cole to third
Victor Baker to second
Pinch Hitting: LHB Arturo López 0-0: Called Strike
0-1: Ball
1-1: Foul Ball, location: 2F
1-2: Strikes out swinging
Pitching: RHP Kenny Skinner
Batting: RHB Carlos Bravo 0-0: Called Strike
0-1: Ball
1-1: Ball
2-1: Fly out, F9 (Flyball, 9M)
Runner from 3rd tags up, OUT at HOME
Bottom of the 7th over - 1 run(s), 3 hit(s), 0 error(s), 2 left on base; West Virginia 4 - Key West 1
TOP OF THE 8TH
West Virginia Power batting - Pitching for Key West Barracudas : RHP Carlos Molina
Now at SS: Richard Sanders
Batting: LHB Pablo Reyes 0-0: Called Strike
0-1: Swinging Strike
0-2: Ball
1-2: SINGLE (Line Drive, 6D)
Batting: SHB Edward Bartlett 0-0: Foul Ball, location: 2F
0-1: Ball
1-1: Fly out, F8 (Flyball, 8LM)
Batting: LHB Jesús Ángel 0-0: Ball
1-0: Foul Ball, location: 2F
1-1: Ball
2-1: SINGLE (Groundball, 6MD)
Pablo Reyes to second
Runner from 2nd tries for 3rd, SAFE, no throw or cutoff
Batting: RHB Dave McGrath 0-0: Ball
1-0: Ball
2-0: Called Strike
2-1: Ball
3-1: Foul Ball, location: 2F
3-2: SINGLE (Line Drive, 4MD)
Pablo Reyes scores
Jesús Ángel to second
Jesús Ángel to third
Batting: RHB Gonzalo Gil 0-0: Ball
1-0: Called Strike
1-1: Foul Ball, location: 2F
1-2: Strikes out swinging
Batting: RHB Brett Bell 0-0: Fly out, F7 (Flyball, 78M)
Top of the 8th over - 1 run(s), 3 hit(s), 0 error(s), 2 left on base; West Virginia 5 - Key West 1
BOTTOM OF THE 8TH
Key West Barracudas batting - Pitching for West Virginia Power : RHP Kenny Skinner
Batting: RHB Júlio Cruz 0-0: Ball
1-0: Swinging Strike
1-1: Swinging Strike
1-2: Strikes out swinging
Batting: RHB Ramiro Gámez 0-0: Ball
1-0: Called Strike
1-1: Ball
2-1: Ball
3-1: SINGLE (Line Drive, 6D)
Batting: RHB Luther Stoffels 0-0: DOUBLE (Flyball, 78D)
Ramiro Gámez to third
Batting: LHB Jake Wells 0-0: Ball
1-0: Ground out 4-3 (Groundball, 4)
Ramiro Gámez scores
Luther Stoffels to third
Batting: RHB Kenny Cole 0-0: Called Strike
0-1: Ball
1-1: Called Strike
1-2: Strikes out swinging
Bottom of the 8th over - 1 run(s), 2 hit(s), 0 error(s), 1 left on base; West Virginia 5 - Key West 2
TOP OF THE 9TH
West Virginia Power batting - Pitching for Key West Barracudas : RHP Carlos Molina
Batting: RHB Luis Encarnación 0-0: Ball
1-0: Called Strike
1-1: Ball
2-1: Foul Ball, location: 2F
2-2: Strikes out looking
Batting: SHB José Valdéz 0-0: Ball
1-0: Foul Ball, location: 2F
1-1: Ball
2-1: Ball
3-1: Foul Ball, location: 2F
3-2: Ground out 4-3 (Groundball, 4)
Batting: LHB Fernando Ortíz 0-0: SOLO HOME RUN (Flyball, 8RXD), Distance : 430 ft
Batting: LHB Pablo Reyes 0-0: Foul Ball, location: 2F
0-1: Ball
1-1: Ground out U3 (Groundball, 3)
Top of the 9th over - 1 run(s), 1 hit(s), 0 error(s), 0 left on base; West Virginia 6 - Key West 2
BOTTOM OF THE 9TH
Key West Barracudas batting - Pitching for West Virginia Power : RHP Kenny Skinner
Batting: RHB Victor Baker 0-0: Ground out 6-3 (Groundball, 6)
Batting: RHB Dan Craft 0-0: SINGLE (Groundball, 56D)
Batting: RHB Richard Sanders 0-0: Reached on error, E4 (Groundball, 4)
Dan Craft to second
Batting: RHB Carlos Bravo 0-0: Swinging Strike
0-1: Ball
1-1: Called Strike
1-2: Fly out, F9 (Flyball, 89S)
Batting: RHB Júlio Cruz 0-0: Swinging Strike
0-1: SINGLE (Line Drive, 89S)
Dan Craft to third
Richard Sanders to second
Pinch Hitting: LHB Víctor Acevedo 0-0: Ball
1-0: Called Strike
1-1: Ball
2-1: Ball
3-1: Called Strike
3-2: Base on Balls
Dan Craft scores
Richard Sanders to third
Júlio Cruz to second
Batting: RHB Luther Stoffels 0-0: Ball
1-0: Ball
2-0: Called Strike
2-1: Ball
3-1: Base on Balls
Richard Sanders scores
Júlio Cruz to third
Víctor Acevedo to second
Batting: LHB Jake Wells 0-0: Foul Ball, location: 2F
0-1: Ground out U3 (Groundball, 3S)
Bottom of the 9th over - 2 run(s), 2 hit(s), 1 error(s), 3 left on base; West Virginia 6 - Key West 4
This league is powered by Out of the Park Baseball, the baseball management simulation game for PC, Mac and Linux
Saturday, April 9th, 2016 - OOTP Baseball 16.8 Build 38